Map: Frostline LE

Players

Sweet

  • Race: Protoss Protoss
  • Spawn Location: 1:00

Wooden - Winner!

  • Race: Terran Terran
  • Spawn Location: 7:00

VOD

Have the link to the VOD?

Description

Time

  • Played on: March 23, 2025, 10:08 a.m.
  • Length: 14:36
Show
View Real Time Build Order
Export as new Build Order

Sweet Protoss 

Build Orders: Blink Stalkers 

Get SALT Encoding   

  12  0:00  Probe  
  13  0:12  Probe  
  14  0:17  Pylon  
  14  0:24  Probe  
  15  0:36  Probe  
  15  0:42  Gateway  
  16  0:44  Probe  
  16  0:46  Assimilator  
  17  0:53  Probe  
  17  1:03  Probe  
  19  1:11  Probe  
  20  1:19  Probe  
  21  1:29  Cybernetics Core  
  21  1:31  Probe  
  22  1:43  Probe  
  23  1:54  Pylon  
  23  2:01  Nexus  
  23  2:02  Adept  
  23  2:08  Assimilator  
  23  2:09  Warp Gate  
  25  2:16  Probe  
  26  2:29  Stalker  
  26  2:32  Pylon  
  28  2:46  Probe  
  29  2:52  Twilight Council  
  29  2:56  Stalker  
  29  2:59  Probe  
  32  3:09  Probe  
  32  3:11  Probe  
  33  3:17  Probe  
  33  3:19  Blink  
  34  3:23  Probe  
  36  3:27  Probe  
  37  3:34  Robotics Facility  
  37  3:35  Probe  
  37  3:39  Probe  
  39  3:47  Probe  
  40  3:52  Probe  
  41  3:59  Probe  
  42  4:04  Probe  
  42  4:05  Assimilator  
  42  4:06  Gateway  
  42  4:08  Gateway  
  43  4:11  Probe  
  43  4:15  Stalker  
  43  4:16  Probe  
  47  4:21  Observer  
  47  4:23  Probe  
  49  4:28  Probe  
  50  4:35  Probe, Assimilator  
  51  4:39  Observer  
  51  4:40  Probe  
  53  4:47  Probe, Nexus  
  53  4:49  Pylon  
  53  4:52  Pylon  
  54  4:59  Robotics Bay  
  54  5:00  Shield Battery  
  54  5:30  Probe  
  54  5:31  Stalker x3  
  54  5:35  Charge, Extended Thermal Lance  
  61  5:43  Probe x2  
  61  5:44  Immortal  
  65  5:56  Pylon  
  63  6:12  Stalker x2  
  63  6:18  Colossus  
  62  6:26  Pylon, Probe  
  62  6:27  Probe x2  
  62  6:28  Gateway  
  62  6:30  Gateway  
  62  6:32  Gateway  
  65  6:34  Gateway  
  65  6:37  Gateway  
  65  6:39  Probe  
  72  6:42  Pylon  
  72  6:43  Probe x2  
  72  6:45  Observer, Assimilator  
  74  6:51  Probe  
  75  6:55  Probe x2  
  75  6:56  Colossus  
  75  6:59  Forge  
  77  7:03  Probe  
  78  7:11  Forge  
  78  7:12  Stalker x3  
  90  7:17  Probe  
  90  7:19  Probe  
  90  7:20  Probe  
  93  7:25  Probe  
  94  7:32  Probe x2  
  94  7:34  Pylon  
  94  7:36  Pylon  
  96  7:39  Templar Archives  
  96  7:44  Probe, Disruptor  
  97  7:50  Pylon  
  92  8:07  Stalker x8  
  92  8:09  Probe x3  
  92  8:10  Disruptor  
  105  8:18  Psionic Storm  
  104  8:21  Probe x2  
  104  8:25  Protoss Ground Weapons Level 1  
  110  8:27  Protoss Ground Armor Level 1  
  110  8:35  Probe x2  
  112  8:41  Photon Cannon  
  112  8:42  Shield Battery  
  112  8:43  Assimilator  
  112  8:45  Colossus  
  118  9:09  Photon Cannon  
  118  9:11  Photon Cannon, Shield Battery  
  118  9:13  Photon Cannon  
  118  9:17  High Templar x2  
  122  9:28  Zealot  
  124  9:36  Pylon  
  124  9:49  Stalker x4  
  93  10:20  Probe x2  
  93  10:22  Protoss Ground Weapons Level 2  
  93  10:23  Protoss Ground Armor Level 2  
  93  10:27  Cybernetics Core  
  93  10:35  Pylon  
  93  10:38  Photon Cannon  
  93  10:40  Photon Cannon  
  93  10:46  Disruptor  
  93  10:49  Photon Cannon  
  93  10:51  Photon Cannon  
  93  10:52  Probe x2  
  93  10:53  Probe  
  100  11:00  Probe  
  100  11:08  Pylon  
  101  11:12  Pylon  
  101  11:16  Pylon  
  101  11:21  Disruptor  
  93  11:26  Probe x3  
  88  11:35  Probe  
  88  11:36  Stalker x5  
  88  11:37  Stalker  
  88  11:38  Probe x2  
  97  11:43  Probe  
  97  11:50  Probe x2, High Templar x2  
  97  11:52  Probe  
  105  12:02  Archon, Probe x2  
  105  12:04  Probe  
  105  12:08  Nexus  
  108  12:10  Sentry x3  
  108  12:12  Stalker  
  108  12:14  Probe  
  117  12:18  Pylon  
  117  12:23  Probe  
  117  12:26  Probe  
  94  12:41  Stalker  
  94  12:42  Stalker x7  
  110  12:57  Pylon  
  110  12:58  Pylon  
  102  13:10  Observer  
  102  13:17  Probe  
  102  13:18  Probe  
  104  13:30  Probe x2  
  106  13:36  Assimilator  
  106  13:37  Probe  
  106  13:39  Photon Cannon  
  106  13:40  Assimilator  
  107  13:41  Photon Cannon  
  107  13:42  Probe x2  
  107  13:43  Pylon  
  109  13:49  Pylon, Probe  
  109  13:51  Forge  
  109  13:53  Sentry  
  109  13:54  Probe x2, High Templar x2  
  114  14:06  Probe x2  
  106  14:10  Zealot x2  
  106  14:11  Stalker x2  
  86  14:33  Stalker x4  
Show
View Real Time Build Order
Export as new Build Order

Wooden Terran - Winner!

Build Orders: Reaper Expand 

Get SALT Encoding   

  12  0:00  SCV  
  13  0:12  SCV  
  14  0:17  Supply Depot  
  14  0:24  SCV  
  15  0:38  SCV  
  15  0:40  Barracks  
  16  0:43  Refinery  
  16  0:50  SCV  
  17  1:02  SCV  
  18  1:15  SCV  
  19  1:27  Reaper, Orbital Command  
  20  1:44  Command Center  
  20  1:55  SCV  
  21  2:06  Barracks Reactor  
  21  2:08  SCV  
  22  2:11  Barracks  
  22  2:16  Refinery  
  22  2:20  SCV  
  23  2:26  Factory  
  23  2:55  SCV, Marine x2  
  23  2:56  Orbital Command  
  26  2:59  Bunker, Barracks Tech Lab  
  26  3:07  SCV  
  27  3:13  Starport, Marine x2  
  27  3:15  Factory Reactor  
  27  3:19  SCV  
  30  3:27  Stimpack  
  30  3:28  SCV  
  30  3:31  Marine x2  
  30  3:33  Marine  
  34  3:36  SCV  
  35  3:46  SCV  
  36  3:48  Marine x2  
  36  3:49  Supply Depot  
  38  3:57  Supply Depot  
  38  4:10  Marine, Medivac x2  
  38  4:11  SCV x2  
  38  4:13  Marine  
  38  4:14  Marine  
  46  4:21  Supply Depot  
  46  4:23  SCV x2  
  48  4:31  Supply Depot  
  48  4:35  SCV x2  
  50  4:47  SCV x2  
  50  4:49  Supply Depot  
  50  4:51  Marine, Medivac  
  50  4:52  Marine x2  
  57  4:59  SCV x2  
  59  5:01  Widow Mine  
  59  5:06  Engineering Bay x2  
  61  5:10  Marauder  
  61  5:11  SCV x2  
  65  5:23  SCV x2  
  65  5:28  Combat Shield  
  67  5:35  SCV x2  
  67  5:36  Marine x3  
  67  5:40  Medivac x2  
  73  5:45  Command Center  
  73  5:51  Terran Infantry Weapons Level 1  
  73  5:55  Marauder  
  74  6:07  SCV x2  
  75  6:11  Supply Depot  
  75  6:14  Supply Depot  
  72  6:19  SCV x2  
  72  6:24  Terran Infantry Armor Level 1  
  74  6:28  Marine, Factory Tech Lab  
  74  6:29  Marine x2  
  74  6:30  Barracks x2  
  74  6:31  SCV  
  74  6:32  Barracks  
  78  6:33  SCV  
  78  6:39  Refinery  
  79  6:43  SCV  
  79  6:45  SCV  
  79  6:46  Marine  
  82  6:47  Marine x2  
  82  6:49  Medivac, Armory  
  86  6:55  SCV  
  86  6:57  SCV  
  86  7:01  Concussive Shells  
  88  7:04  Marauder  
  88  7:05  Orbital Command  
  88  7:08  SCV  
  91  7:09  SCV  
  91  7:10  Marine  
  91  7:11  Marine  
  94  7:18  Refinery  
  94  7:19  Barracks Tech Lab  
  94  7:20  SCV, Orbital Command, Barracks Tech Lab x2  
  94  7:21  SCV  
  96  7:25  Marine  
  96  7:27  Refinery  
  96  7:28  Refinery, Marine  
  98  7:32  SCV  
  98  7:33  SCV  
  100  7:37  Supply Depot  
  100  7:38  Supply Depot  
  100  7:39  Supply Depot  
  100  7:42  Marine x3  
  100  7:43  Marauder  
  100  7:44  SCV, Marauder  
  108  7:46  SCV  
  108  7:50  Marine  
  109  7:56  SCV  
  109  7:58  SCV  
  105  8:00  Marine  
  105  8:01  Marauder  
  97  8:06  Marine x3  
  97  8:07  Siege Tank, Medivac  
  97  8:08  Marine  
  106  8:18  Marine  
  107  8:22  Marauder  
  107  8:24  SCV x3, Marine, Marauder x2  
  107  8:26  Marine  
  118  8:35  Marine  
  118  8:36  SCV x3  
  118  8:39  Siege Tank  
  118  8:40  Terran Infantry Weapons Level 2, Sensor Tower  
  125  8:42  Marauder  
  125  8:43  Marauder  
  125  8:44  Marine  
  125  8:45  Marine x2  
  125  8:48  SCV  
  133  8:54  Supply Depot  
  133  8:55  Supply Depot x2  
  133  9:05  Terran Infantry Armor Level 2  
  133  9:08  Starport  
  133  9:11  Command Center  
  133  9:15  Marine  
  133  9:16  SCV x3, Marine, Viking x2, Marauder, Siege Tank  
  133  9:17  Marauder  
  149  9:18  Marine x2  
  149  9:24  Supply Depot  
  151  9:25  Supply Depot  
  151  9:32  SCV x2  
  151  9:33  Marine  
  151  9:34  Marine  
  151  9:37  Marauder  
  157  9:41  Marine, Marauder  
  157  9:43  Marauder  
  156  9:51  Marine  
  156  9:52  Marine  
  152  9:58  Marauder  
  152  9:59  Marine  
  154  10:02  Marine  
  154  10:04  Marine  
  151  10:09  Marine x2  
  141  10:17  Starport Reactor, Viking x2, Marauder  
  141  10:19  Marauder  
  141  10:20  Marine  
  141  10:21  Terran Ship Weapons Level 1  
  134  10:22  Marine  
  134  10:27  Marine x2  
  137  10:34  Siege Tank  
  140  10:39  Marine, Marauder x2  
  140  10:40  Marine  
  146  10:45  Marine x2  
  146  10:47  Medivac x2  
  152  10:52  SCV x2  
  152  10:53  SCV  
  155  10:57  Refinery  
  155  10:58  Marauder  
  155  10:59  Refinery, Marine x2, Marauder, Terran Infantry Weapons Level 3  
  155  11:02  Marine  
  155  11:03  Marine  
  163  11:07  Medivac x2  
  167  11:17  Marine, Medivac  
  167  11:18  Marauder  
  172  11:19  Marine  
  172  11:20  Marine, Marauder  
  172  11:21  Marine  
  146  11:35  Marine  
  146  11:37  Marine  
  146  11:38  Marine, Medivac x3  
  146  11:39  SCV x2, Marine, Marauder  
  156  11:41  Marauder  
  156  11:46  Medivac  
  160  11:52  Siege Tank, SCV  
  160  11:53  SCV, Marine  
  166  11:54  Orbital Command  
  166  11:55  Marauder  
  166  11:56  Marine x2  
  166  12:00  Marauder  
  172  12:02  Marine  
  172  12:04  SCV  
  172  12:05  SCV  
  175  12:11  Marine  
  175  12:13  Viking x3  
  175  12:14  Marine x2  
  184  12:16  Viking, Marauder  
  188  12:26  Marine  
  188  12:27  Siege Tank, Marauder  
  188  12:29  Marine  
  181  12:31  Marine  
  181  12:32  Marine  
  172  12:38  Marauder  
  170  12:44  Marauder  
  170  12:46  Marine  
  170  12:48  Marine  
  170  12:49  Marine  
  170  12:50  Marine  
  176  12:54  Medivac x2  
  176  12:55  Viking x2  
  184  12:59  Siege Tank  
  184  13:01  Marauder  
  184  13:05  Marine, Marauder  
  182  13:06  Marine  
  182  13:07  Marine  
  182  13:08  Marine, Supply Depot x2  
  182  13:09  Supply Depot x2  
  182  13:10  Command Center  
  175  13:18  SCV x2  
  177  13:22  Marauder  
  177  13:23  Marine  
  177  13:24  Marine  
  177  13:25  Marine x2  
  177  13:26  Marauder  
  185  13:28  Barracks  
  185  13:29  Barracks  
  185  13:31  Siege Tank  
  185  13:32  Barracks  
  190  13:41  Marauder  
  190  13:42  Marauder, Viking, Medivac x2  
  190  13:43  Viking  
  197  14:03  Siege Tank, Marine, Marauder  
  197  14:07  Marine x3  
  197  14:08  Marauder  
  196  14:16  Command Center  
Tags
 
Composition
Blink Stalkers
Matchup
PvT
Spawn Locations
Cross Positions
Add a new tag
Caveats
  • Supply blocks, unpowered buildings, or Contaminate may cause inaccurate times.
  • Supply counts are checked every 10 seconds.